 Dungeon Crawl Stone Soup version 0.27.0-1-g7a089689b8 (webtiles) character file.

Game seed: 6508300348086814569

3964 EnegeticOcto the Cleaver (level 10, 0/88 HPs)
             Began as a Minotaur Fighter on Aug 5, 2021.
             Was an Elder of Okawaru.
             Killed by divine providence
             ... invoked by an orc priest
              (14 damage)
             ... on level 8 of the Dungeon.
             The game lasted 00:03:11 (5041 turns).

EnegeticOcto the Cleaver (Minotaur Fighter)         Turns: 5041, Time: 00:03:12

Health: 0/88       AC: 17    Str: 24    XL:     10   Next: 2%
Magic:  11/12      EV: 10    Int: 11    God:    Okawaru [****..]
Gold:   391        SH: 14    Dex: 10    Spells: 9/9 levels left

rFire    + . .     SeeInvis .   a - +1 war axe (elec)
rCold    . . .     Faith    .   c - +1 kite shield
rNeg     . . .     Spirit   .   r - +5 chain mail of Kikubaaqudgha {Int+6}
rPois    +         Reflect  .   (helmet restricted)
rElec    .         Harm     .   q - scarf {repulsion}
rCorr    .         Rampage  .   (no gloves)
Will     .....                  (no boots)
Stlth    ..........             k - amulet of regeneration
HPRegen  1.24/turn              j - ring of poison resistance
MPRegen  0.13/turn              l - ring of protection from fire

@: about to teleport, heroic, flying, repel missiles
A: horns 2, retaliatory headbutt
a: Renounce Religion, Heroism


You were on level 8 of the Dungeon.
You worshipped Okawaru.
Okawaru was greatly pleased with you.
You visited 2 branches of the dungeon, and saw 9 of its levels.

You collected 391 gold pieces.

Inventory:

Hand Weapons
 a - a +1 war axe of electrocution (weapon)
Armour
 b - a +0 scale mail
 c - a +1 kite shield (worn)
 q - a scarf of repulsion (worn)
 r - the +5 chain mail of Kikubaaqudgha (worn) {Int+6}
   (You found it on level 7 of the Dungeon)

   Int:       It affects your intelligence (+6).
Jewellery
 j - a ring of poison resistance (left hand)
 k - an amulet of regeneration (around neck)
 l - a ring of protection from fire (right hand)
 x - a ring of resist corrosion
Wands
 w - a wand of polymorph (25)
Scrolls
 g - a scroll of torment
 m - 2 scrolls of vulnerability
 n - 2 scrolls of teleportation {@r3}
 t - a scroll of identify {@r1}
Potions
 d - a potion of might {@q3}
 e - a potion of magic
 f - a potion of attraction
 i - a potion of brilliance {unknown}
 o - a potion of degeneration
 p - 3 potions of flight
 s - a potion of haste {unknown}
 u - 2 potions of berserk rage {unknown}
 v - a potion of curing {unknown}


   Skills:
 + Level 8.1(13.1) Fighting
 * Level 10.5(15.5) Axes
 + Level 8.1(13.1) Armour
 + Level 8.1(13.1) Shields
 + Level 4.9 Invocations


You had 9 spell levels left.
You didn't know any spells.
Your spell library was empty.

Dungeon Overview and Level Annotations

Branches:
Dungeon (8/15)             Temple (1/1) D:5
   Lair: D:8-11

Altars:
Elyvilon
Fedhas
Hepliaklqana
Kikubaaqudgha
Makhleb
Nemelex Xobeh
Okawaru
Qazlal
Sif Muna
Wu Jian
Xom
The Shining One

Annotations:
D:3 2 transporters
D:8 Erica


Innate Abilities, Weirdness & Mutations

You have a pair of horns on your head.
You reflexively headbutt those who attack you in melee.


Message History

a +0 halberd; a +0 plate armour; an orc corpse You barely miss something.
You block something's attack.
Your chain mail of Kikubaaqudgha prevents you from hitting something.
Your headbutt misses something. Something hits you. Something burns you.
You hit something. Something hits you but does no damage.
You miss something. Something hits you!
The orc priest looks encouraged for a moment.
You miss something.
You hear some strange, mumbled words.
You feel yourself slow down. Something hits you but does no damage.
You hit something. Lightning courses through something!
You hear some strange, mumbled words.
A lance of force appears from out of thin air!
The lance of force hits you!
You are knocked back by the lance of force.
You block something's attack.
You miss something.
You hear some strange, mumbled words.
You are confused.
You hear some strange, mumbled words.
A bolt of poison appears from out of thin air!
The bolt of poison misses you.
You are too confused!
You are too confused!
You are too confused!
You are too confused!
You are too confused!
You are too confused!
You are too confused!
You are too confused!
You are too confused!
You are too confused!
You are too confused!
You are too confused!
You bump into the rock wall.
Something hits you. Something burns you.
You bump into the rock wall.
You hear some strange, mumbled words.
A lance of force appears from out of thin air!
The lance of force misses you.
You hear some strange, mumbled words.
Something tries to affect you, but you resist.
You bump into the rock wall.
Something hits you.
You're too confused to move!
Something hits you. Something hits you!
You bump into the rock wall.
You feel less confused.
You hear some strange, mumbled words.
A bolt of poison appears from out of thin air!
The bolt of poison hits you! You resist.
The orc priest mumbles some strange prayers to Beogh against you.
Beogh smites you!
You gain the combat prowess of a mighty hero.
You hear some strange, mumbled words.
A bolt of poison appears from out of thin air!
The bolt of poison hits you. You resist.
The orc priest calls down the wrath of Beogh upon you.
Beogh smites you!
* * * LOW HITPOINT WARNING * * *
You hear some strange, mumbled words.
A puff of flame appears from out of thin air!
The puff of flame hits something!
You hear some strange, mumbled words.
You are confused.
You bump into the rock wall.
The orc priest looks braver for a moment.
Something hits you but does no damage.
You completely miss something. Something hits you.
* * * LOW HITPOINT WARNING * * *
Something burns you.
* * * LOW HITPOINT WARNING * * *
Something hits you!
* * * LOW HITPOINT WARNING * * *
Something burns you.
* * * LOW HITPOINT WARNING * * *
You feel much better. Something hits you. Something burns you.
Okay, then.
It was a potion of flight.
You feel very buoyant.
You fly up into the air.
You feel yourself speed up.
You feel less confused. You block something's attack.
The orc priest looks satisfied for a moment.
You block something's attack.
You hit something. Lightning courses through something! You headbutt something.
The orc priest looks braver for a moment.
You barely miss something. Something hits you.
You slash something! Your headbutt misses something. Something hits you!
* * * LOW HITPOINT WARNING * * *
You closely miss something. Your headbutt misses something.
You hear some strange, mumbled words.
A puff of flame appears from out of thin air!
The puff of flame hits something!
Something hits you!
* * * LOW HITPOINT WARNING * * *
Something burns you.
* * * LOW HITPOINT WARNING * * *
Okay, then.
As you read the scroll of teleportation {@r3}, it crumbles to dust.
You feel strangely unstable.
The orc priest mumbles some strange prayers to Beogh against you.
Beogh smites you!
You die...

## .# .# .# .# # ##.#
##. ##.##
#...#####...##
#oo{{@..#..######
#..o#####...#.....###
##. ##.##........ #
#.#.####.###
#.#.####.######
#.#.[..........
#.######.###### ...
...# # #.### #


You could see an orc priest and 2 orcs.

Vanquished Creatures
  A kobold demonologist (D:8)
  Grinder (D:5)
  Prince Ribbit (D:5)
  A meliai zombie (D:6)
  Eustachio (D:5)
  3 yaks (D:8)
  A wyvern (D:7)
  Edmund (D:4)
  An ice beast (D:7)
  2 orc warriors (D:8)
  A sky beast (D:8)
  A centaur (D:5)
  3 ogres
  A phantom (D:6)
  A kobold brigand (D:7)
  A scorpion (D:7)
  A bullfrog (D:6)
  A gnoll sergeant (D:7)
  3 killer bees (D:7)
  10 wights
  A howler monkey (D:5)
  A centaur zombie (D:6)
  2 bullfrog zombies (D:5)
  2 hounds
  2 jellies (D:7)
  A centaur skeleton (D:7)
  An iguana (D:4)
  5 orc wizards
  A killer bee zombie (D:7)
  10 gnolls
  7 adders
  2 ufetubi
  A worm (D:4)
  An adder skeleton (D:4)
  3 dart slugs (D:1)
  20 orcs
  6 ball pythons
  5 endoplasms
  A giant cockroach (D:1)
  5 goblins
  7 hobgoblins
  4 jackals
  3 quokkas
  6 bats
  4 frilled lizards
  18 kobolds
  8 rats
163 creatures vanquished.

Notes
Turn   | Place    | Note
-------+----------+-------------------------------------------
     0 | D:1      | EnegeticOcto the Minotaur Fighter began the quest for the
                  | Orb.
     0 | D:1      | Reached XP level 1. HP: 19/19 MP: 0/0
   187 | D:1      | Reached XP level 2. HP: 27/27 MP: 1/1
   200 | D:1      | Reached skill level 3 in Axes
   478 | D:1      | Reached XP level 3. HP: 32/33 MP: 2/2
  1099 | D:2      | Found a stormy altar of Qazlal.
  1218 | D:2      | Reached XP level 4. HP: 40/40 MP: 3/3
  1226 | D:2      | Reached skill level 4 in Axes
  1451 | D:3      | Found a transporter.
  1480 | D:3      | Found a transporter.
  1926 | D:4      | Reached XP level 5. HP: 47/47 MP: 4/4
  2077 | D:4      | Noticed Edmund
  2091 | D:4      | Killed Edmund
  2092 | D:4      | Reached skill level 5 in Axes
  2092 | D:4      | Reached XP level 6. HP: 54/55 MP: 5/5
  2218 | D:4      | Reached skill level 5 in Armour
  2218 | D:4      | Reached skill level 5 in Shields
  2365 | D:5      | Entered Level 5 of the Dungeon
  2402 | D:5      | Found a staircase to the Ecumenical Temple.
  2418 | D:5      | Noticed Eustachio
  2425 | Temple   | Entered the Ecumenical Temple
  2558 | Temple   | Became a worshipper of Warmaster Okawaru
  2630 | D:5      | Killed Eustachio
  2630 | D:5      | Reached * piety under Okawaru
  2631 | D:5      | Reached skill level 5 in Fighting
  2631 | D:5      | Reached skill level 6 in Axes
  2663 | D:5      | Reached XP level 7. HP: 57/61 MP: 6/6
  2777 | D:5      | Noticed Prince Ribbit
  2779 | D:5      | Reached skill level 1 in Invocations
  2783 | D:5      | Noticed Grinder
  2784 | D:5      | Killed Prince Ribbit
  2784 | D:5      | Reached ** piety under Okawaru
  2785 | D:5      | Reached skill level 7 in Axes
  2790 | D:5      | Paralysed by Grinder for 4 turns
  2809 | D:5      | Killed Grinder
  2810 | D:5      | Reached XP level 8. HP: 57/70 MP: 8/8
  3471 | D:6      | Reached skill level 8 in Axes
  4223 | D:7      | Reached XP level 9. HP: 71/78 MP: 10/10
  4236 | D:7      | Reached *** piety under Okawaru
  4237 | D:7      | Reached skill level 9 in Axes
  4592 | D:7      | Identified the +5 chain mail of Kikubaaqudgha {Int+6}
  4708 | D:7      | Found a shimmering blue altar of Sif Muna.
  4739 | D:8      | Reached **** piety under Okawaru
  4744 | D:8      | Reached skill level 10 in Axes
  4851 | D:8      | Noticed a kobold demonologist
  4858 | D:8      | Noticed a sun demon
  4862 | D:8      | Noticed a sixfirhy
  4865 | D:8      | Noticed a hellwing
  4865 | D:8      | Killed a kobold demonologist
  5012 | D:8      | Noticed Erica
  5017 | D:8      | Reached XP level 10. HP: 75/88 MP: 12/12
  5034 | D:8      | HP: 4/88 [something (3)]
  5041 | D:8      | Killed from afar by an orc priest

Illustrated notes

Levels and vault maps discovered:
D:1:      dpeg_arrival_signposts, layout_basic
D:2:      layout_basic, basic_altar, grunt_decor_clamped
D:3:      gammafunk_wand_slinger, layout_basic
D:4:      layout_cave_pools, minmay_unequal, uniq_edmund
D:5:      layout_basic, temple_statues, uniq_grinder, uniq_prince_ribbit1,
          uniq_eustachio
D:6:      layout_basic
D:7:      layout_cave_pools, kennysheep_mini, eino_tiny_chamber
D:8:      layout_basic, minmay_misc_feat_tower, uniq_erica
Temple:   roderic_octagonal_lattice_temple

Skill      XL: |  1  2  3  4  5  6  7  8  9 |
---------------+----------------------------+-----
Axes           | 3 4 5 6 7 8 10 | 10.5
Armour         | 4 5 6 7 8 |  8.1
Shields        | 4 5 6 7 8 |  8.1
Fighting       | 4 5 6 8 |  8.1
Invocations    | 2 3 4 |  4.9

Action                   |  1- 3 |  4- 6 |  7- 9 | 10-12 || total
-------------------------+-------+-------+-------+-------++-------
Melee: War axe           |    82 |   132 |   206 |    12 ||   432
       Headbutt          |    12 |    25 |    33 |     1 ||    71
Invok: Heroism           |       |       |     2 |     1 ||     3
  Use: Scroll            |       |     5 |     9 |     1 ||    15
       Potion            |       |       |       |     2 ||     2
Armor: Scale mail        |    52 |    59 |    47 |       ||   158
       Chain mail        |       |       |    25 |     3 ||    28
Dodge: Dodged            |    34 |    52 |    71 |     2 ||   159
       Repelled          |       |       |     1 |       ||     1
Block: Kite shield       |    45 |    84 |   155 |     4 ||   288
